 Dungeon Crawl Stone Soup version 0.31.0-4-g52a2dc7128 (webtiles) character file.

Game seed: 6434930478085469133

35 BeingJoeMalik the Poker (level 3, -2/27 HPs)
             Began as a Merfolk Reaver on Jan 23, 2024.
             Slain by a goblin
             ... wielding a +0 club
              (3 damage)
             ... on level 2 of the Dungeon.
             The game lasted 00:03:08 (833 turns).

BeingJoeMalik the Poker (Merfolk Reaver)             Turns: 833, Time: 00:03:09

Health: -2/27      AC:  3    Str: 12    XL:     3   Next: 33%
Magic:  6/6        EV: 12    Int: 12    God:
Gold:   55         SH:  0    Dex: 14    Spells: 5/6 levels left

rFire   . . .        a - +0 spear
rCold   . . .        (no shield)
rNeg    . . .        b - +0 leather armour
rPois   .            (no helmet)
rElec   .            (no cloak)
rCorr   .            (no gloves)
SInv    .            (no boots)
Will    .....        (no amulet)
Stlth   +            (no ring)
HPRegen 0.24/turn    (no ring)
MPRegen 0.10/turn

%: no passive effects
@: about to teleport
A: (nimble swimmer 2), mertail
a: no special abilities


You were on level 2 of the Dungeon.
You visited 1 branch of the dungeon, and saw 2 of its levels.

You collected 55 gold pieces.

Inventory:

Hand Weapons
 a - a +0 spear (weapon)
Armour
 b - a +0 leather armour (worn)
Scrolls
 c - a scroll of amnesia {unknown}
 d - a scroll of identify {unknown}
 e - a scroll of teleportation
 f - a scroll of fear {unknown}


   Skills:
 - Level 2.1 Fighting
 + Level 5.8 Polearms
 - Level 2.6 Dodging
 - Level 2.0 Spellcasting
 - Level 2.4 Conjurations


You had 5 spell levels left.
You knew the following spells:

 Your Spells              Type           Power      Damage    Failure   Level
a - Kiss of Death         Conj/Necr      16%        2d6       22%         1

Your spell library contained the following spells:

 Spells                   Type           Power      Damage    Failure   Level
 Momentum Strike          Conj/Tloc      8%         3d8       32%         2
 Hailstorm                Conj/Ice       4%         3d5       54%         3


Dungeon Overview and Level Annotations

Branches:
Dungeon (2/15)

Altars:

Shops:
D:1 (:([


Innate Abilities, Weirdness & Mutations

((You are very nimble when in or above water. (Stealth+, EV+, Speed+++)))
Your lower body shifts to a powerful aquatic tail in water.


Message History

You are caught in a web!
You are caught in a web!
You struggle to detach yourself from the web.
You struggle to detach yourself from the web.
A giant cockroach comes into view.
The ribbon worm bites you.
The web tears apart.
The ribbon worm bites you.
You hit the ribbon worm.
The ribbon worm is moderately wounded.
The ribbon worm bites you.
You hit the ribbon worm.
The ribbon worm is heavily wounded.
You hit the ribbon worm.
The ribbon worm is severely wounded.
The ribbon worm bites you.
You barely miss the ribbon worm.
The ribbon worm is severely wounded.
The goblin hits you but does no damage.
The ribbon worm expels a string of sticky webbing.
The stream of webbing hits you but does no damage.
You are caught in a web!
Unknown command.
The web tears apart.
The goblin hits you with a +0 club. The ribbon worm barely misses you.
Unknown command.
You hit the ribbon worm.
The ribbon worm is severely wounded.
The goblin hits you with a +0 club. The giant cockroach closely misses you.
Unknown command.
You hit the ribbon worm.
The ribbon worm is almost dead.
The ribbon worm bites you!
* * * LOW HITPOINT WARNING * * *
The giant cockroach bites you but does no damage.
Unknown command.
You aren't carrying any potions.
As you read the scroll labelled QICUSO SOPRIF, it crumbles to dust.
You feel strangely unstable.
It was a scroll of teleportation.
The goblin hits you with a +0 club.
You die...

#.# #.).............. #.#
#..###.[.........
#######.# #..#
#.##.######. ........#
#..# #.##.# ##..>...#
#..###.##.#
#.#.##.#########..........
#.#.##..................##
#>#.<.............#.#.#.#
#.############B@........
..# #.gw..#....## ..#
#..####..=.# ..# #.. .#.#
#..# #.. #.< #.. #.. ...


You could see a ribbon worm (catching breath), a giant cockroach and a goblin.

Vanquished Creatures
  A ribbon worm (D:2)
  3 ball pythons
  2 endoplasms (D:1)
  A giant cockroach (D:1)
  2 goblins
  A hobgoblin (D:2)
  4 jackals (D:1)
  4 kobolds
  A quokka (D:2)
  4 bats (D:1)
  A frilled lizard (D:1)
  4 rats
28 creatures vanquished.

Notes
Turn   | Place    | Note
-------+----------+-------------------------------------------
     0 | D:1      | BeingJoeMalik the Merfolk Reaver began the quest for the
                  | Orb.
     0 | D:1      | Reached XP level 1. HP: 16/16 MP: 3/3
    52 | D:1      | Reached XP level 2. HP: 12/22 MP: 5/5
   125 | D:1      | Found Vub Pupta's Book Shoppe.
   146 | D:1      | Found Kobbeuje's Antique Weapon Shoppe.
   263 | D:1      | Reached skill level 5 in Polearms
   308 | D:1      | Found Aqaebiev's Armour Shop.
   342 | D:1      | Found Utyseu's Antique Weapon Emporium.
   424 | D:1      | Reached XP level 3. HP: 27/27 MP: 6/6
   832 | D:2      | HP: 1/27 [ribbon worm (8)]
   833 | D:2      | Slain by a goblin

Illustrated notes

Levels and vault maps discovered:
D:1:      minmay_arrival_semitransparent, layout_loops_ring, serial_shops,
          shop_fountains, nicolae_shop_just_a_little_nook, shop, shop,
          amethyst_killhole
D:2:      layout_loops_ring, serial_shops, nicolae_shop_bloodbath_and_beyond,
          nicolae_shop_gaudy_bauble, nicolae_shop_pleasant_corner_grove,
          minmay_cut_off

Skill      XL: |  1  2 |
---------------+-------+-----
Polearms       | 5 |  5.8
Fighting       | |  2.1
Dodging        | |  2.6
Spellcasting   | |  2.0
Conjurations   | |  2.4

Action                     || total
---------------------------++-------
  Melee: Spear             ||   141
         Punch             ||     2
    Use: Scroll            ||     1
   Stab: Sleeping          ||     2
 Armour: Leather armour    ||    55
  Dodge: Dodged            ||    86
